 Dungeon Sprint DCSS version 0.31-a0-845-g9abc20d24f (webtiles) character file.

Game seed: 9715300699196180898

489677 rocky1 the Skullcrusher (level 21, -12/244 HPs)
             Began as a Naga Fighter on Sept 30, 2023.
             Was the Champion of Cheibriados.
             Mangled by Antaeus (29 damage)
             ... in the Dungeon (Sprint IX: "|||||||||||||||||||||||||||||") on Oct 2, 2023.
             The game lasted 00:41:00 (13821 turns).

rocky1 the Skullcrusher (Naga Fighter)             Turns: 13821, Time: 00:41:03

Health: -12/244    AC: 50    Str: 44    XL:     21   Next: 70%
Magic:  45/45      EV: 27    Int: 26    God:    Cheibriados [******]
Gold:   635        SH: 21    Dex: 27    Spells: 40/71 levels left

rFire   + + +        O - +8 eveningstar (protect)
rCold   + . .        P - +0 kite shield {reflect}
rNeg    + . .        W - +6 gold dragon scales
rPois   +            V - +2 helmet
rElec   +            C - +1 cloak
rCorr   +            w - +0 pair of gloves
SInv    +            (no barding)
Will    ++...        S - amulet of Pocsufet {RegenMP rElec Stlth+} Stlth
                     J - ring of protection from fire
HPRegen 0.60/turn    R - ring of Sif Muna, Gazing {rN+ Str+3 Int+2}
MPRegen 0.69/turn

%: no teleportation, reflection
@: mighty, resistant, under a protective aura, very slow
A: AC +7, large, see invisible, deformed body, poison resistance, slowness 2,
spit poison 1, naga tail 2, dopey 1, low MP 1, cold vulnerability 1
}: 9/17 runes: decaying, serpentine, barnacled, slimy, elven, silver, golden,
abyssal, gossamer
a: Spit Poison, Renounce Religion, Bend Time, Temporal Distortion, Slouch, Step
From Time


You were in the Dungeon.
You worshipped Cheibriados.
Cheibriados was exalted by your worship.
You visited 1 branch You collected 1965 gold pieces.
You spent 1330 gold pieces at shops.

Inventory:

Hand Weapons
 c - a +0 vampiric demon whip
 B - the +10 zealot's sword {holy, Zealotry, *Rage rN+ EV+3}
   (You found it in the Dungeon)

   Zealotry:  Whenever the wielder enters a berserk rage, their allies are
   berserked alongside them.
   EV+3:      It affects your evasion (+3).
   rN+:       It protects you from negative energy.
   *Rage:     It berserks you when you make melee attacks (+20% chance).
 O - a +8 eveningstar of protection (weapon)
Missiles
 b - 3 throwing nets
 H - 7 silver javelins
 I - 8 javelins
Armour
 w - a +0 pair of gloves (worn)
 C - a +1 cloak (worn)
 P - a +0 kite shield of reflection (worn)
 V - a +2 helmet (worn)
 W - +6 gold dragon scales (worn)
Jewellery
 u - the amulet "Cixkod" {rF+ Regen+ Str+3}
   (You found it in the Dungeon)

   [amulet of regeneration]

   Str+3:     It affects your strength (+3).
   rF+:       It protects you from fire.
   Regen+:    It increases your rate of health regeneration.
 A - a ring of protection from fire
 J - a ring of protection from fire (left hand)
 K - a +6 ring of dexterity
 L - a +2 ring of slaying
 M - an amulet of regeneration
 N - a +4 ring of evasion
 R - the ring of Sif Muna, Gazing (right hand) {rN+ Str+3 Int+2}
   (You found it in the Dungeon)

   [ring of strength]

   Str+3:     It affects your strength (+3).
   Int+2:     It affects your intelligence (+2).
   rN+:       It protects you from negative energy.
 S - the amulet of Pocsufet (around neck) {RegenMP rElec Stlth+}
   (You found it in the Dungeon)

   [amulet of magic regeneration]

   RegenMP:   It increases your rate of magic regeneration.
   rElec:     It insulates you from electricity.
   Stlth+:    It makes you more stealthy.
 T - the ring of Mizarrua {Will+ MP+9 Dex+5}
   (You found it in the Dungeon)

   [ring of willpower]

   Dex+5:     It affects your dexterity (+5).
   Will+:     It increases your willpower.
   MP+9:      It affects your magic capacity (+9).
 U - the ring "Xasupsost" {Ice Str+5}
   (You found it in the Dungeon)

   [ring of ice]

   Ice:       It enhances your ice magic.
   Str+5:     It affects your strength (+5).
   rF-:       It makes you vulnerable to fire.
   rC+:       It protects you from cold.
Wands
 z - a wand of polymorph (6)
Scrolls
 l - 4 scrolls of amnesia
 q - a scroll of fear
 t - 4 scrolls of identify
 v - 2 scrolls of fog
 D - a scroll of immolation
Potions
 d - a potion of might
 e - 7 potions of curing
 f - 3 potions of heal wounds
 h - 9 potions of magic
 i - 2 potions of berserk rage
 m - 4 potions of mutation
 x - a potion of enlightenment
 E - 2 potions of brilliance
Miscellaneous
 a - a lightning rod (4/4)


   Skills:
 O Level 27 Fighting
 O Level 27 Maces & Flails
 O Level 27 Armour
 O Level 27 Dodging
 - Level 12.3 Stealth
 O Level 27 Shields
 + Level 25.8 Spellcasting
 - Level 13.9 Conjurations
 - Level 13.9 Fire Magic
 - Level 13.9 Air Magic
 - Level 13.9 Earth Magic
 - Level 15.2 Invocations


You had 40 spell levels left.
You knew the following spells:

 Your Spells              Type           Power      Damage    Failure   Level
a - Shatter               Erth           41%        3d32*     100%        9
b - Chain Lightning       Conj/Air       41%        3d54      100%        9
c - Fire Storm            Conj/Fire      41%        8d10      100%        9
d - Iskenderun's Mystic   Conj/Tloc      63%        2d13      1%          4

Your spell library contained the following spells:

 Spells                   Type           Power      Damage    Failure   Level
 Volatile Blastmotes      Fire/Tloc      100%       2d18      1%          3
 Fulminant Prism          Conj/Hex       31%        3d15      1%          4


Dungeon Overview and Level Annotations

Branches:
Dungeon (1/1)

Altars:
Cheibriados
Dithmenos
Elyvilon
Fedhas
Gozag
Hepliaklqana
Kikubaaqudgha
Makhleb
Nemelex Xobeh
Okawaru
Qazlal
Ru
Sif Muna
Trog
Uskayaw
Vehumet
Wu Jian
Xom
Yredelemnul
Zin
The Shining One
Jiyva
Lugonu

Shops:
D (!(*

Annotations:
D Antaeus


Innate Abilities, Weirdness & Mutations

Your serpentine skin is tough. (AC +7)
You have supernaturally acute eyesight. (SInv)
Armour fits poorly on your strangely shaped body.
Your system is resistant to poisons. (rPois)
You cover ground very slowly.
You can spit poison.
You can use your snake-like lower body to constrict enemies.
You are dopey. (Int -2)
Your magical capacity is low. (-10% MP)
You are vulnerable to cold. (rC-)


Message History

Antaeus completely misses you. You block Antaeus's attack.
You beat Antaeus like a drum!!!
Antaeus is moderately wounded.
Antaeus gestures at you. The bolt of lightning hits you! You resist.
You hit Antaeus but do no damage.
Antaeus is moderately wounded.
You hammer Antaeus like a gong!!!
Antaeus is moderately wounded.
You block Antaeus's attack. x2
You hit Antaeus.
Antaeus is moderately wounded.
Antaeus hits you but does no damage. You block Antaeus's attack.
You impale Antaeus!!
Antaeus is moderately wounded.
You puncture Antaeus!
Antaeus is moderately wounded.
Antaeus gestures at you. The icy flash freeze hits you!!! You partially resist.
* * * LOW HITPOINT WARNING * * *
You are encased in ice.
You sock Antaeus!
Antaeus is heavily wounded.
Antaeus hits you but does no damage. You block Antaeus's attack.
You bludgeon Antaeus!!
Antaeus is heavily wounded.
You block Antaeus's attack. x2
You bludgeon Antaeus!!
Antaeus is heavily wounded.
You barely miss Antaeus.
Antaeus is heavily wounded.
Antaeus closely misses you. Antaeus hits you but does no damage.
You hammer Antaeus like a gong!!!!
Antaeus is heavily wounded.
The ice encasing you melts away. Antaeus hits you!!
* * * LOW HITPOINT WARNING * * *
Antaeus freezes you!! You resist.
You die...
Antaeus says, "Your soul will be trapped in ice for ten thousand years."

)))))'.......)).))......).).)))..
▓▓▓▓▓▓♣♣♣♣♣♣♣♣♣♣♣♣▓▓▓▓▓▓▓▓▓▓▓▓▓▓▓
.................................
▓▓▓▓▓▓▓▓▓▓▓▓▓▓▓▓▓▓▓▓▓▓▓▓▓▓▓▓▓▓▓▓.
...'..........'............'.....
▓▓▓▓▓▓▓▓▓▓▓▓▓▓▓▓▓▓▓▓▓▓▓▓▓▓▓▓▓▓▓▓▓
.................................
▓▓▓▓▓▓▓▓▓▓▓▓▓▓▓▓▓▓▓▓▓▓▓▓▓▓▓▓▓▓▓▓.
........§......C@................
▓▓▓▓▓▓▓▓▓▓▓▓▓▓▓▓▓▓▓▓▓▓▓▓▓▓▓▓▓▓▓▓▓


You could see Antaeus.

Vanquished Creatures
  the Royal Jelly (D)
  Ereshkigal (D)
  5 ancient liches (D)
  Mara (D)
  4 orbs of fire (D)
  Sojobo (D)
  7 royal mummies (D)
  Boris (D)
  Xtahua (D)
  Margery (D)
  Saint Roka (D)
  Geryon (D)
  4 golden dragons (D)
  3 electric golems (D)
  28 Orb Guardians (D)
  3 tentacled monstrosities (D)
  3 titans (D)
  3 liches (D)
  3 deep elf blademasters (D)
  A quicksilver dragon (D)
  A tentacled starspawn (D)
  8 acid blobs (D)
  13 sphinxes (D)
  4 deep elf master archers (D)
  4 death cobs (D)
  12 shadow dragons (D)
  Agnes (D)
  4 storm dragons (D)
  2 tengu reavers (D)
  2 draconian knights (D)
  Aizul (D)
  A draconian monk (D)
  Donald (D)
  7 nagarajas (D)
  A frost giant (D)
  7 azure jellies (D)
  3 deep elf sorcerers (D)
  Ilsuiw (D)
  A fire giant (D)
  4 rockslimes (D)
  5 emperor scorpions (D)
  A draconian shifter (D)
  A vault warden (D)
  4 ghost moths (D)
  An iron dragon (D)
  2 ironbound preservers (D)
  A spriggan defender (D)
  4 very ugly things (D)
  4 draconian stormcallers (D)
  5 stone giants (D)
  5 quicksilver oozes (D)
  8 vampire knights (D)
  2 green draconians (D)
  2 deep elf demonologists (D)
  2 purple draconians (D)
  2 red draconians (D)
  A spark wasp (D)
  3 yellow draconians (D)
  A bunyip (D)
  3 dire elephants (D)
  A deep elf annihilator (D)
  3 black draconians (D)
  A deep elf death mage (D)
  6 merfolk javelineers (D)
  Josephine (D)
  2 ettins (D)
  4 yaktaur captains (D)
  4 mummy priests (D)
  3 merfolk impalers (D)
  A great orb of eyes (D)
  An entropy weaver (D)
  Erolcha (D)
  5 fire dragons (D)
  26 vault guards (D)
  4 ice dragons (D)
  A merfolk avatar (D)
  An ogre mage (D)
  6 hydras (D)
  An alligator (D)
  A catoblepas (D)
  2 boulder beetles (D)
  3 merfolk aquamancers (D)
  3 centaur warriors (D)
  A tengu warrior (D)
  3 deep troll shamans (D)
  2 deep troll earth magi (D)
  A demonic crawler (D)
  3 naga sharpshooters (D)
  A naga warrior (D)
  A thrashing horror (D)
  2 vampire magi (D)
  3 orc high priests (D)
  2 two-headed ogres (D)
  A spriggan berserker (D)
  3 hell knights (D)
  2 shock serpents (D)
  Nergalle (D)
  2 pharaoh ants (D)
  A goliath frog (D)
  A spriggan druid (D)
  An orb spider (shapeshifter) (D)
  3 wizards (D)
  A steelbarb worm (D)
  8 swamp dragons (D)
  2 lindwurms (D)
  2 glowing orange brains (D)
  A necromancer (D)
  An orc sorcerer (D)
  11 orc knights (D)
  4 ironbound convokers (D)
  3 phantasmal warriors (D)
  A deep elf pyromancer (D)
  A wolf spider (D)
  3 cyclopes (D)
  A will-o-the-wisp (D)
  2 manticores (D)
  3 black mambas (D)
  7 moths of wrath (D)
  A merfolk siren (D)
  Joseph (D)
  4 vault sentinels (D)
  2 guardian serpents (D)
  A torpor snail (D)
  A water nymph (D)
  9 elephants (D)
  A smoke demon (D)
  2 cane toads (D)
  5 naga magi (D)
  A komodo dragon (D)
  An efreet (D)
  A yaktaur (D)
  A wandering mushroom (D)
  2 merfolk (D)
  17 guardian mummies (D)
  2 polar bears (D)
  A troll (D)
  A wind drake (D)
  A blink frog (D)
  2 dream sheep (D)
  2 snapping turtles (D)
  2 jumping spiders (D)
  2 slime creatures (D)
  6 wraiths (D)
  11 spriggans (D)
  A culicivora (shapeshifter) (D)
  A wyvern (D)
  A fire bat (D)
  2 yaks (D)
  Eustachio (D)
  A golden eye (D)
  A basilisk (D)
  2 large abominations (D)
  A redback (D)
  A naga (D)
  2 acid dragons (D)
  3 water moccasins (D)
  A floating eye (shapeshifter) (D)
  2 floating eyes (D)
  2 swamp drakes (D)
  11 orc warriors (D)
  A black bear (D)
  A boggart (D)
  A centaur (D)
  A bullfrog (D)
  3 small abominations (D)
  4 orc priests (D)
  4 orc wizards (D)
  An adder (D)
  15 orcs (D)
  An endoplasm (D)
  A hobgoblin (D)
  A ball python (D)
  A bat (D)
  A frilled lizard (D)
  A quokka skeleton (D)
524 creatures vanquished.

Vanquished Creatures (others)
  A vampire knight (D)
  A wizard (D)
2 creatures vanquished.

Grand Total: 526 creatures vanquished

Notes
Turn   | Place    | Note
-------+----------+-------------------------------------------
     0 | D        | rocky1 the Naga Fighter began the quest for the Orb.
     0 | D        | Reached XP level 1. HP: 21/21 MP: 1/1
    67 | D        | Reached XP level 2. HP: 28/28 MP: 2/2
   113 | D        | Found a snail-covered altar of Cheibriados.
   113 | D        | Found a shadowy altar of Dithmenos.
   113 | D        | Found a white marble altar of Elyvilon.
   113 | D        | Found a blossoming altar of Fedhas.
   113 | D        | Found an opulent altar of Gozag.
   114 | D        | Found a hazy altar of Hepliaklqana.
   115 | D        | Found a viscous altar of Jiyva.
   116 | D        | Found an ancient bone altar of Kikubaaqudgha.
   117 | D        | Became a worshipper of Cheibriados the Contemplative
   118 | D        | Found a corrupted altar of Lugonu.
   119 | D        | Found a burning altar of Makhleb.
   120 | D        | Found a sparkling altar of Nemelex Xobeh.
   121 | D        | Found an iron altar of Okawaru.
   122 | D        | Found a stormy altar of Qazlal.
   123 | D        | Found a sacrificial altar of Ru.
   124 | D        | Found a shimmering blue altar of Sif Muna.
   125 | D        | Found a bloodstained altar of Trog.
   126 | D        | Found a hide-covered altar of Uskayaw.
   127 | D        | Found a radiant altar of Vehumet.
   128 | D        | Found an ornate altar of the Wu Jian Council.
   129 | D        | Found a shimmering altar of Xom.
   130 | D        | Found a basalt altar of Yredelemnul.
   131 | D        | Found a glowing silver altar of Zin.
   132 | D        | Found a glowing golden altar of the Shining One.
   195 | D        | Noticed a two-headed ogre
   195 | D        | Noticed a two-headed ogre
   195 | D        | Noticed an acid dragon
   195 | D        | Noticed a wyvern
   195 | D        | Noticed a centaur
   195 | D        | Noticed a yak
   197 | D        | Killed a centaur
   198 | D        | Reached skill level 5 in Fighting
   198 | D        | Reached XP level 3. HP: 39/39 MP: 3/3
   198 | D        | Reached XP level 4. HP: 46/46 MP: 4/4
   202 | D        | Killed a yak
   202 | D        | Reached * piety under Cheibriados
   203 | D        | Reached skill level 5 in Shields
   203 | D        | Reached XP level 5. HP: 44/56 MP: 4/9
   203 | D        | Reached XP level 6. HP: 50/63 MP: 4/10
   205 | D        | Killed a wyvern
   208 | D        | Killed an acid dragon
   208 | D        | Reached ** piety under Cheibriados
   209 | D        | Reached skill level 5 in Invocations
   209 | D        | Reached XP level 7. HP: 46/72 MP: 4/11
   209 | D        | Killed a two-headed ogre
   210 | D        | Reached XP level 8. HP: 53/82 MP: 4/14
   211 | D        | Killed a two-headed ogre
   441 | D        | Noticed a centaur warrior
   441 | D        | Noticed a troll
   441 | D        | Noticed a cyclops
   441 | D        | Noticed a wraith
   441 | D        | Noticed a centaur warrior
   441 | D        | Noticed a cyclops
   448 | D        | Killed a cyclops
   448 | D        | Killed a troll
   448 | D        | Reached *** piety under Cheibriados
   449 | D        | Reached skill level 1 in Dodging
   449 | D        | Reached skill level 10 in Invocations
   449 | D        | Reached XP level 9. HP: 40/92 MP: 16/16
   449 | D        | Killed a centaur warrior
   449 | D        | Killed a cyclops
   456 | D        | Reached **** piety under Cheibriados
   456 | D        | Killed a centaur warrior
   457 | D        | Reached skill level 10 in Fighting
   457 | D        | Reached XP level 10. HP: 28/102 MP: 17/19
   864 | D        | Noticed a cane toad
   864 | D        | Noticed a black mamba
   870 | D        | Noticed an elephant
   876 | D        | Killed a black mamba
   876 | D        | Reached ***** piety under Cheibriados
   877 | D        | Reached skill level 5 in Armour
   885 | D        | Killed a cane toad
   896 | D        | Killed an elephant
   901 | D        | Reached ****** piety under Cheibriados
   936 | D        | Noticed a black mamba
   936 | D        | Noticed a cane toad
   941 | D        | Killed a cane toad
   942 | D        | Reached skill level 10 in Shields
   944 | D        | Killed a black mamba
   945 | D        | Reached skill level 15 in Maces & Flails
   945 | D        | Reached skill level 5 in Dodging
   957 | D        | Noticed an elephant
   964 | D        | Reached XP level 11. HP: 95/111 MP: 20/20
  1101 | D        | Noticed a dire elephant
  1110 | D        | Killed a dire elephant
  1259 | D        | Noticed Erolcha
  1269 | D        | Killed Erolcha
  1623 | D        | Noticed an orc sorcerer
  1630 | D        | Killed an orc sorcerer
  1715 | D        | Found Notog's General Store.
  1715 | D        | Noticed an orc high priest
  1715 | D        | Noticed an orc knight
  1715 | D        | Noticed an orc knight
  1715 | D        | Noticed an orc knight
  1715 | D        | Noticed an orc knight
  1718 | D        | Killed an orc knight
  1718 | D        | Killed an orc knight
  1718 | D        | Killed an orc knight
  1718 | D        | Killed an orc knight
  1718 | D        | Killed an orc high priest
  1719 | D        | Reached XP level 12. HP: 119/126 MP: 5/21
  1737 | D        | Noticed an orc high priest
  1746 | D        | Killed an orc high priest
  1752 | D        | Found Pipn's Antique Weapon Shop.
  1766 | D        | Found Plog's Distillery.
  1949 | D        | Found Oruthog's Antique Weapon Shop.
  1952 | D        | Noticed an orc high priest
  1956 | D        | Killed an orc high priest
  2077 | D        | Bought a scroll of enchant weapon for 105 gold pieces
  2077 | D        | Bought a potion of heal wounds for 70 gold pieces
  2085 | D        | Bought 2 potions of heal wounds for 100 gold pieces
  2085 | D        | Bought a potion of experience for 500 gold pieces
  2085 | D        | Bought a potion of mutation for 80 gold pieces
  2085 | D        | Bought a potion of mutation for 80 gold pieces
  2085 | D        | Bought a potion of enlightenment for 50 gold pieces
  2095 | D        | Bought a twisted great sword for 345 gold pieces
  2095 | D        | Identified the +4 great sword of the Thing {venom, rN++}
                  | (You bought it in a shop in the Dungeon)
  2118 | D        | Noticed Eustachio
  2125 | D        | Killed Eustachio
  2144 | D        | Noticed Joseph
  2155 | D        | Killed Joseph
  2204 | D        | Found the +10 zealot's sword {holy, Zealotry, *Rage rN+
                  | EV+3}
  2261 | D        | Noticed a centaur warrior
  2261 | D        | Noticed a catoblepas
  2272 | D        | Killed a centaur warrior
  2274 | D        | Killed a catoblepas
  2275 | D        | Reached skill level 10 in Armour
  2301 | D        | Noticed a deep troll shaman
  2305 | D        | Killed a deep troll shaman
  2312 | D        | Gained mutation: You can use your snake-like lower body to
                  | constrict enemies. [Naga growth]
  2312 | D        | Reached XP level 13. HP: 107/136 MP: 8/22
  2395 | D        | Noticed an ettin
  2400 | D        | Noticed an ice dragon
  2404 | D        | Noticed a cyan very ugly thing
  2415 | D        | Killed a cyan very ugly thing
  2418 | D        | Killed an ettin
  2421 | D        | Killed an ice dragon
  2422 | D        | Reached skill level 10 in Dodging
  2606 | D        | Noticed Agnes
  2608 | D        | Killed Agnes
  2609 | D        | Reached skill level 15 in Fighting
  2643 | D        | Noticed Nergalle
  2652 | D        | Killed Nergalle
  2652 | D        | Noticed Josephine
  2657 | D        | Killed Josephine
  2759 | D        | Noticed a bunyip
  2765 | D        | Killed a bunyip
  3073 | D        | Noticed an entropy weaver
  3078 | D        | Reached XP level 14. HP: 151/151 MP: 17/23
  3079 | D        | Reached skill level 15 in Shields
  3311 | D        | Noticed Saint Roka
  3331 | D        | Killed Saint Roka
  3671 | D        | Noticed a sphinx
  3686 | D        | Noticed a stone giant
  3688 | D        | Killed a sphinx
  3688 | D        | Noticed an iron dragon
  3698 | D        | Killed a stone giant
  3702 | D        | Killed an iron dragon
  3736 | D        | Noticed a stone giant
  3742 | D        | Killed a stone giant
  3743 | D        | Reached skill level 15 in Invocations
  4095 | D        | Noticed a fire giant
  4096 | D        | Noticed a cyan very ugly thing
  4103 | D        | Killed a fire giant
  4109 | D        | Killed a cyan very ugly thing
  4194 | D        | Noticed a dire elephant
  4200 | D        | Reached XP level 15. HP: 163/163 MP: 15/26
  4447 | D        | Noticed a vault warden
  4468 | D        | Killed a vault warden
  4668 | D        | Noticed Margery
  4683 | D        | Killed Margery
  4937 | D        | Noticed Mara
  4938 | D        | Noticed rocky1's illusion
  4945 | D        | Killed Mara
  4946 | D        | Reached skill level 15 in Armour
  5030 | D        | Got the +2 chain mail "Kuasuuru" {rElec}
  5102 | D        | Reached skill level 5 in Stealth
  5102 | D        | Reached XP level 16. HP: 176/176 MP: 27/27
  5229 | D        | Reached skill level 15 in Dodging
  5628 | D        | Got a gossamer rune of Zot
  5635 | D        | Noticed a nagaraja
  5635 | D        | Noticed a nagaraja
  5635 | D        | Noticed a nagaraja
  5636 | D        | Noticed a nagaraja
  5639 | D        | Reached skill level 10 in Stealth
  5639 | D        | Killed a nagaraja
  5639 | D        | Killed a nagaraja
  5639 | D        | Noticed a nagaraja
  5642 | D        | Killed a nagaraja
  5643 | D        | Noticed a nagaraja
  5645 | D        | Killed a nagaraja
  5648 | D        | Noticed a nagaraja
  5649 | D        | Killed a nagaraja
  5653 | D        | Killed a nagaraja
  5659 | D        | Killed a nagaraja
  5663 | D        | Reached XP level 17. HP: 20/187 MP: 3/28
  5801 | D        | Got a serpentine rune of Zot
  6062 | D        | Upgraded the game from 0.31-a0-844-gdc52ec4e09 to
                  | 0.31-a0-845-g9abc20d24f
  6071 | D        | Got a decaying rune of Zot
  6079 | D        | Noticed Ilsuiw
  6101 | D        | Killed Ilsuiw
  6107 | D        | Reached skill level 27 in Maces & Flails
  6117 | D        | Got a barnacled rune of Zot
  6215 | D        | Noticed Aizul
  6223 | D        | Killed Aizul
  6246 | D        | Noticed Xtahua
  6258 | D        | Killed Xtahua
  6676 | D        | Noticed a titan
  6688 | D        | Killed a titan
  6696 | D        | Reached skill level 27 in Fighting
  6893 | D        | Noticed a titan
  6893 | D        | Noticed a lich
  6897 | D        | Killed a lich
  6898 | D        | Reached XP level 18. HP: 110/218 MP: 13/29
  6900 | D        | Noticed a titan
  6906 | D        | Killed a titan
  6928 | D        | Killed a titan
  6933 | D        | Got a silver rune of Zot
  7037 | D        | Learned a level 9 spell: Shatter
  7047 | D        | Learned a level 9 spell: Chain Lightning
  7175 | D        | Noticed Sojobo
  7196 | D        | Killed Sojobo
  7308 | D        | Reached skill level 5 in Spellcasting
  7329 | D        | Noticed Donald
  7335 | D        | Killed Donald
  7405 | D        | Got the amulet "Cixkod" {rF+ Regen+ Str+3}
  7407 | D        | Got the ring of Sif Muna, Gazing {rN+ Str+3 Int+2}
  7409 | D        | Got the amulet of Pocsufet {RegenMP rElec Stlth+}
  7411 | D        | Got the ring of Mizarrua {Will+ MP+9 Dex+5}
  7413 | D        | Got the ring "Xasupsost" {Ice Str+5}
  7818 | D        | Noticed Boris
  7825 | D        | Killed Boris
  8007 | D        | Noticed a golden dragon
  8007 | D        | Noticed a golden dragon
  8012 | D        | Killed a golden dragon
  8019 | D        | Killed a golden dragon
  8174 | D        | Noticed a quicksilver dragon
  8209 | D        | Killed a quicksilver dragon
  8227 | D        | Noticed a tentacled monstrosity
  8233 | D        | Noticed an orb of fire
  8234 | D        | Noticed a tentacled monstrosity
  8236 | D        | Killed an orb of fire
  8238 | D        | Killed a tentacled monstrosity
  8239 | D        | Killed a tentacled monstrosity
  8313 | D        | Reached XP level 19. HP: 120/226 MP: 30/30
  8651 | D        | Noticed a golden dragon
  8652 | D        | Noticed a tentacled monstrosity
  8656 | D        | Killed a golden dragon
  8663 | D        | Reached skill level 27 in Armour
  8668 | D        | Killed a tentacled monstrosity
  9164 | D        | Noticed an ancient lich
  9172 | D        | Killed an ancient lich
  9173 | D        | Reached skill level 27 in Shields
  9260 | D        | Noticed an orb of fire
  9267 | D        | Killed an orb of fire
  9361 | D        | Noticed an electric golem
  9365 | D        | Killed an electric golem
  9368 | D        | Noticed an ancient lich
  9368 | D        | Noticed an orb of fire
  9368 | D        | Noticed an ancient lich
  9368 | D        | Noticed a golden dragon
  9373 | D        | Killed a golden dragon
  9373 | D        | Killed an orb of fire
  9373 | D        | Killed an ancient lich
  9373 | D        | Killed an ancient lich
  9374 | D        | Noticed an electric golem
  9376 | D        | Noticed an orb of fire
  9378 | D        | Gained mutation: Your magical capacity is low. (-10% MP)
                  | [an orb of fire]
  9383 | D        | Noticed an electric golem
  9385 | D        | Gained mutation: You are dopey. (Int -2) [an orb of fire]
  9389 | D        | Noticed an ancient lich
  9390 | D        | Gained mutation: You are vulnerable to cold. (rC-) [an orb
                  | of fire]
  9392 | D        | Killed an orb of fire
  9397 | D        | Killed an electric golem
  9403 | D        | Reached skill level 15 in Spellcasting
  9403 | D        | Reached XP level 20. HP: 185/236 MP: 22/35
  9404 | D        | Killed an ancient lich
  9413 | D        | Killed an electric golem
  9791 | D        | Learned a level 9 spell: Fire Storm
  9796 | D        | Learned a level 4 spell: Iskenderun's Mystic Blast
  9869 | D        | Noticed an ancient lich
  9879 | D        | Killed an ancient lich
 10068 | D        | Noticed a Tzitzimitl
 10276 | D        | Got an elven rune of Zot
 10348 | D        | Reached skill level 27 in Dodging
 10348 | D        | Reached skill level 1 in Conjurations
 10348 | D        | Reached skill level 1 in Fire Magic
 10348 | D        | Reached skill level 1 in Air Magic
 10348 | D        | Reached skill level 1 in Earth Magic
 10606 | D        | Noticed the Royal Jelly
 10609 | D        | Reached skill level 5 in Conjurations
 10609 | D        | Reached skill level 5 in Fire Magic
 10609 | D        | Reached skill level 5 in Air Magic
 10609 | D        | Reached skill level 5 in Earth Magic
 10620 | D        | Killed the Royal Jelly
 10994 | D        | Reached XP level 21. HP: 216/244 MP: 40/42
 11005 | D        | Got a slimy rune of Zot
 11221 | D        | Paralysed by a sphinx for 2 turns
 11243 | D        | Reached skill level 10 in Conjurations
 11243 | D        | Reached skill level 10 in Fire Magic
 11243 | D        | Reached skill level 10 in Air Magic
 11243 | D        | Reached skill level 10 in Earth Magic
 12479 | D        | Noticed a royal mummy
 12479 | D        | Noticed a royal mummy
 12479 | D        | Noticed a royal mummy
 12479 | D        | Noticed a royal mummy
 12479 | D        | Noticed a royal mummy
 12486 | D        | Killed a royal mummy
 12493 | D        | Killed a royal mummy
 12496 | D        | Noticed a royal mummy
 12581 | D        | Killed a royal mummy
 12601 | D        | Killed a royal mummy
 12929 | D        | Killed a royal mummy
 13178 | D        | Noticed a royal mummy
 13186 | D        | HP: 10/242 [??? (5)]
 13196 | D        | Killed a royal mummy
 13196 | D        | HP: 11/242 [torment (7)]
 13202 | D        | Killed a royal mummy
 13586 | D        | Got a golden rune of Zot
 13622 | D        | Got an abyssal rune of Zot
 13762 | D        | Noticed Geryon
 13776 | D        | Killed Geryon
 13778 | D        | Noticed Antaeus
 13778 | D        | Noticed Ereshkigal
 13804 | D        | Killed Ereshkigal
 13821 | D        | Mangled by Antaeus

Illustrated notes

Levels and vault maps discovered:
D:        linesprint [early_d, line_temple, items_1, d_10, items_2, lair_1,
          lair_end, items_3, orc_1, orc_end, items_4, d_15, swamp_1, shoals_1,
          snake_1, spider_1, d_20, vaults_1, items_5, swamp_end, shoals_end,
          snake_end, spider_end, vaults_end, d_27, items_6, zot_1, zot_end,
          crypt_end, forest_end, elf_end, slime_end, tomb_end, abyss_end,
          pan_hell_end]

Skill      XL: |  1  2  3  4  5  6  7  8  9 10 11 12 13 14 15 16 17 18 19 20 21 |
---------------+----------------------------------------------------------------+-----
Shields        | 3 4 5 6 7 8 9 10 12 13 14 16 17 18 19 20 27 | 27.0
Maces & Flails | 3 6 8 9 11 12 13 15 17 19 20 21 22 23 27 | 27.0
Fighting       | 5 6 7 8 9 10 11 13 14 16 18 19 20 27 | 27.0
Spellcasting   | 3 6 15 21 25 | 25.8
Invocations    | 5 8 10 12 15 | 15.2
Armour         | 3 4 6 8 10 12 14 15 16 17 25 27 | 27.0
Dodging        | 1 3 5 7 9 11 13 14 15 16 18 21 27 | 27.0
Stealth        | 5 12 | 12.3
Conjurations   | 7 13 | 13.9
Fire Magic     | 7 13 | 13.9
Air Magic      | 7 13 | 13.9
Earth Magic    | 7 13 | 13.9

Action                     |  1- 3 |  4- 6 |  7- 9 | 10-12 | 13-15 | 16-18 | 19-21 || total
---------------------------+-------+-------+-------+-------+-------+-------+-------++-------
  Melee: Flail             |    33 |       |       |       |       |       |       ||    33
         Morningstar       |       |     9 |     8 |   232 |   283 |   398 |       ||   930
         Constrict         |       |       |       |       |    44 |    68 |    52 ||   164
         Eveningstar       |       |       |       |       |       |   149 |   521 ||   670
 Invoke: Slouch            |       |       |       |    14 |    21 |    29 |    32 ||    96
Ability: Spit Poison       |       |       |       |       |       |     1 |       ||     1
  Evoke: Wand              |     2 |     1 |     7 |       |       |       |       ||    10
    Use: Potion            |       |     1 |     2 |       |     4 |     8 |    11 ||    26
         Scroll            |       |       |       |       |       |    23 |     8 ||    31
   Stab: Invisible         |       |       |       |       |       |    10 |       ||    10
         Sleeping          |       |       |       |       |       |     2 |       ||     2
         Distracted        |       |       |       |       |       |       |     1 ||     1
 Armour: Scale mail        |    17 |       |       |       |       |       |       ||    17
         Chain mail        |       |     7 |     1 |    31 |   131 |   262 |       ||   432
         Acid dragon scale |       |       |    10 |    91 |       |       |       ||   101
         Plate armour      |       |       |       |       |       |    67 |       ||    67
         Gold dragon scale |       |       |       |       |       |    95 |   230 ||   325
  Dodge: Dodged            |    12 |     4 |       |   105 |   147 |   477 |   291 ||  1036
  Block: Buckler           |     8 |     2 |     2 |    79 |    80 |   168 |       ||   339
         Kite shield       |       |       |       |       |       |   202 |   398 ||   600
         Reflection        |       |       |       |       |       |     1 |     6 ||     7

Table legend: (Time is in decaauts) A = Elapsed time spent in this place. B = Non-inter-level travel time spent in this place. C = Inter-level travel time spent in this place. D = Time resting spent in this place. E = Time spent auto-exploring this place. F = Levels seen in this place. G = Mean time per level. A B C D E F G +--------+--------+--------+--------+--------+-----+--------+ Total | 18190 | 18190 | 0 | 8952 | 0 | 1 | 18190.0 | Dungeon | 18190 | 18190 | 0 | 8952 | 0 | 1 | 18190.0 | +--------+--------+--------+--------+--------+-----+--------+

Top non-repeatable levels by time:
       D: 18190 daAuts
